 Dungeon Crawl Stone Soup version 0.27.1-33-g824d729ab1 (webtiles) character file.

Game seed: 15465299629263901344

1284 Atelerd the Digger (level 8, 0/46 HPs)
             Began as an Octopode Earth Elementalist on Dec 16, 2021.
             Succumbed to a water moccasin's poison
             ... on level 6 of the Dungeon.
             The game lasted 00:09:14 (6326 turns).

Atelerd the Digger (Octopode Earth Elementalist)    Turns: 6326, Time: 00:09:15

Health: 0/46       AC:  1    Str:  7    XL:     8   Next: 55%
Magic:  8/16       EV: 13    Int: 25    God:
Gold:   350        SH:  0    Dex: 13    Spells: 13/18 levels left

rFire    . . .     SeeInvis .   l - +1 short sword (drain)
rCold    . . .     Faith    .   (no shield)
rNeg     + . .     Spirit   .   (helmet restricted)
rPois    .         Reflect  .   (no amulet)
rElec    .         Harm     .   i - +6 ring of intelligence
rCorr    .         Rampage  .   u - ring of positive energy
Will     .....                  (no ring)
Stlth    ++++......             (no ring)
HPRegen  0.15/turn              (no ring)
MPRegen  0.15/turn              (no ring)
                                (no ring)
                                (no ring)

@: mighty, lethally poisoned (0 -> -8)
A: almost no armour, amphibious, 8 rings, camouflage 1, gelatinous body 1,
(nimble swimmer 1), tentacles
a: no special abilities


You were on level 6 of the Dungeon.
You visited 1 branch of the dungeon, and saw 6 of its levels.

You collected 350 gold pieces.

Inventory:

Hand Weapons
 k - a +3 spectral club
 l - a +1 short sword of draining (weapon)
 m - a +1 short sword of protection
 t - a +3 short sword
Missiles
 b - 52 stones
Jewellery
 i - a +6 ring of intelligence (left tentacle)
 u - a ring of positive energy (right tentacle)
Wands
 j - a wand of iceblast (9)
 n - a wand of acid (5)
 x - a wand of paralysis (8)
Scrolls
 a - 4 scrolls of identify {unknown}
 c - a scroll of immolation {unknown}
 e - 2 scrolls of brand weapon {unknown}
 o - 3 scrolls of amnesia {unknown}
 p - a scroll of teleportation {unknown}
 q - 3 scrolls of fog {unknown}
 r - a scroll of blinking {unknown}
Potions
 d - a potion of might
 f - a potion of degeneration {unknown}
 g - a potion of curing {unknown}
 h - a potion of lignification {unknown}
 s - a potion of attraction {unknown}
 v - a potion of brilliance {unknown}
 w - a potion of flight {unknown}


   Skills:
 + Level 2.9 Dodging
 * Level 5.1 Stealth
 + Level 5.9 Spellcasting
 - Level 3.0 Transmutations
 + Level 7.0 Earth Magic


You had 13 spell levels left.
You knew the following spells:

 Your Spells              Type           Power      Damage    Failure   Level
a - Sandblast             Erth           84%        2d18      1%          1
p - Petrify               Tmut/Erth      32%        N/A       10%         4

Your spell library contained the following spells:

 Spells                   Type           Power      Damage    Failure   Level
 Passwall                 Tmut/Erth      26%        N/A       1%          2
 Stone Arrow              Conj/Erth      50%        3d10      5%          3
 Animate Skeleton         Necr           14%        N/A       8%          1
 Pain                     Necr           28%        1d5       8%          1
 Corpse Rot               Necr/Air       N/A        N/A       12%         2
 Vampiric Draining        Necr           3%         2d6       22%         3
 Dispel Undead            Necr           7%         3d8       58%         4
 Agony                    Necr           7%         N/A       91%         5
 Excruciating Wounds      Necr           3%         N/A       91%         5
 Death Channel            Necr           3%         N/A       100%        6


Dungeon Overview and Level Annotations

Branches:
Dungeon (6/15)             Temple (0/1) D:6

Altars:
Hepliaklqana
Qazlal
Vehumet
Xom


Innate Abilities, Weirdness & Mutations

You cannot wear most types of armour.
You are amphibious.
You can wear up to eight rings at the same time.
Your skin changes colour to match your surroundings (Stealth+).
Your rubbery body absorbs attacks. (AC +1, EV +1)
((You are camouflaged near water. (Stealth+)))
You have tentacles for arms and can constrict up to eight enemies at once.


Message History

You are poisoned.
The water moccasin poisons you!
A water moccasin is nearby!
You hit the water moccasin but do no damage.
You drain the water moccasin. Your grab misses the water moccasin.
Your squeeze misses the water moccasin.
The water moccasin is lightly wounded.
You feel very sick.
The water moccasin bites you but does no damage.
The water moccasin bites you.
Casting: Sandblast (safe; 1% risk of failure)
Confirm with . or Enter, or press ? or * to list all spells.
The spell is quite dangerous to cast (10% risk of failure)!
Continue anyway?
Aiming: Petrify (quite dangerous; 10% risk of failure)
Press: ? - help, Shift-Dir - straight line, f - water moccasin
Aim: a water moccasin (lightly wounded, lightly drained, chance to affect: 64%)
The water moccasin struggles to resist.
You feel sick. The water moccasin closely misses you.
Unknown command.
Casting: Petrify (quite dangerous; 10% risk of failure)
Confirm with . or Enter, or press ? or * to list all spells.
The spell is quite dangerous to cast (10% risk of failure)!
Continue anyway?
Aiming: Petrify (quite dangerous; 10% risk of failure)
Press: ? - help, Shift-Dir - straight line, f/p - water moccasin
Aim: a water moccasin (lightly wounded, lightly drained, chance to affect: 64%)
The water moccasin is moving more slowly.
You feel sick. The water moccasin bites you!
* * * LOW HITPOINT WARNING * * *
You are lethally poisoned!
The water moccasin poisons you! The water moccasin bites you.
* * * LOW HITPOINT WARNING * * *
* * * LOW HITPOINT WARNING * * *
You feel very sick.
* * * LOW HITPOINT WARNING * * *
You feel very sick.
* * * LOW HITPOINT WARNING * * *
You feel very sick.
It was a potion of might.
You feel very mighty all of a sudden.
You die...

#.........# ###
#.........########.###
+..................>).
#.........########..##
#####.........# #....
#.....†........# ##.##
#.........##########
#..
..........###.......
....
#########.@.........
.... #..S..###. ....
#..#..# ###.. #..##.#
#..#.........
##..)........
...#..⌠...⌠..
.....#.........
#.........>....


You could see a water moccasin (petrifying, drained).

Vanquished Creatures
  Grinder (D:5)
  An acid dragon (D:5)
  Edmund (D:5)
  2 phantoms
  A gnoll sergeant (D:5)
  A bullfrog (D:4)
  A water moccasin skeleton (D:4)
  A howler monkey (D:4)
  5 hounds
  An orc priest (D:4)
  A bullfrog skeleton (D:5)
  Crazy Yiuf (D:5)
  Jessica (D:2)
  2 orc wizards (D:5)
  A howler monkey zombie (D:5)
  4 gnolls (D:5)
  4 adders
  A white imp (D:5)
  6 worms
  2 dart slugs
  18 orcs
  6 ball pythons
  4 bats (D:1)
  5 endoplasms
  3 giant cockroaches
  4 goblins
  9 hobgoblins
  5 quokkas
  2 frilled lizards
  7 kobolds
  4 rats
105 creatures vanquished.

Notes
Turn   | Place    | Note
-------+----------+-------------------------------------------
     0 | D:1      | Atelerd the Octopode Earth Elementalist began the quest for
                  | the Orb.
     0 | D:1      | Reached XP level 1. HP: 11/11 MP: 3/3
    85 | D:1      | Reached XP level 2. HP: 14/17 MP: 0/5
   575 | D:1      | Reached XP level 3. HP: 21/21 MP: 4/6
  1688 | D:2      | Reached XP level 4. HP: 27/27 MP: 4/8
  1876 | D:2      | Noticed Jessica
  1887 | D:2      | Killed Jessica
  2309 | D:3      | Found a shimmering altar of Xom.
  2369 | D:3      | Found a radiant altar of Vehumet.
  2517 | D:3      | Found a faded altar of an unknown god.
  2957 | D:4      | Reached skill level 4 in Earth Magic
  2957 | D:4      | Reached XP level 5. HP: 29/31 MP: 7/9
  2994 | D:4      | Noticed a phantom
  2999 | D:4      | Killed a phantom
  3000 | D:4      | Reached XP level 6. HP: 36/36 MP: 7/11
  3005 | D:4      | Learned a level 4 spell: Petrify
  3044 | D:4      | Reached skill level 5 in Earth Magic
  3078 | D:4      | Found a stormy altar of Qazlal.
  3622 | D:4      | Found a hazy altar of Hepliaklqana.
  3739 | D:4      | Reached XP level 7. HP: 30/41 MP: 10/13
  3953 | D:5      | Entered Level 5 of the Dungeon
  4105 | D:5      | Noticed Grinder
  4122 | D:5      | Killed Grinder
  4123 | D:5      | Reached skill level 5 in Spellcasting
  4123 | D:5      | Reached skill level 6 in Earth Magic
  4200 | D:5      | Found a runed translucent door.
  4201 | D:5      | Noticed Crazy Yiuf
  4252 | D:5      | Killed Crazy Yiuf
  4574 | D:5      | Reached XP level 8. HP: 46/46 MP: 14/16
  5170 | D:5      | Noticed Edmund
  5305 | D:5      | HP: 2/46 [Edmund (13)]
  5308 | D:5      | Killed Edmund
  5728 | D:5      | Reached skill level 7 in Earth Magic
  5969 | D:5      | Reached skill level 5 in Stealth
  6314 | D:6      | Found a staircase to the Ecumenical Temple.
  6325 | D:6      | HP: 2/46 [poisoned by a water moccasin]
  6326 | D:6      | Succumbed to a water moccasin's poison

Illustrated notes

Levels and vault maps discovered:
D:1:      mrwooster_arrival_statue, layout_rooms
D:2:      layout_rooms, uniq_jessica
D:3:      layout_loops_ring, lemuel_doored_altar, nicolae_vehumet_altar_sigil,
          shapermc_ecumenical_altar_mp_urbaneastern, minmay_strange_pillars
D:4:      layout_loops_ring, lemuel_crystal_altar, grunt_qazlal_sundering
D:5:      layout_loops_cross, serial_park_tiny_2, uniq_crazy_yiuf_cottage,
          uniq_grinder, uniq_edmund
D:6:      cheibrodos_steamvent, layout_basic, general_overflow_altar,
          minmay_temple_entry_large_hall

Skill      XL: |  1  2  3  4  5  6  7  8 |
---------------+-------------------------+-----
Transmutations | 2 3 |  3.0
Spellcasting   | 3 4 5 |  5.9
Earth Magic    | 4 5 6 7 |  7.0
Stealth        | 5 |  5.1
Dodging        | |  2.9

Action                   |  1- 3 |  4- 6 |  7- 9 || total
-------------------------+-------+-------+-------++-------
Melee: Unarmed           |    31 |     6 |       ||    37
       Tentacles         |    12 |    12 |    19 ||    43
       Constrict         |     8 |    11 |    21 ||    40
       Short sword       |       |    33 |    84 ||   117
       Club              |       |     5 |    17 ||    22
 Cast: Sandblast         |    47 |    27 |    48 ||   122
       Petrify           |       |       |    12 ||    12
  Use: Potion            |       |       |     1 ||     1
 Stab: Sleeping          |     3 |    10 |     5 ||    18
       Petrified         |       |       |    29 ||    29
       Petrifying        |       |       |     1 ||     1
Armor: Skin              |     8 |     7 |    16 ||    31
Dodge: Dodged            |    25 |    35 |    66 ||   126
